 Dungeon Crawl Stone Soup version 0.28.0-47-ge53b351184 (webtiles) character file.

Game seed: 1837410026650673227

1124 Zeld the Chopper (level 8, 0/109 HPs)
             Began as a Minotaur Berserker on Apr 27, 2022.
             Was a Believer of Trog.
             Slain by a gnoll
             ... wielding a +0 spear
              (6 damage)
             ... on level 5 of the Dungeon.
             The game lasted 00:03:38 (6066 turns).

Zeld the Chopper (Minotaur Berserker)               Turns: 6066, Time: 00:03:38

Health: 0/109      AC:  4    Str: 24    XL:     8   Next: 13%
Magic:  7/7        EV: 13    Int:  4    God:    Trog [**....]
Gold:   175        SH:  0    Dex: 10    Spells: 7/7 levels left

rFire   . . .      SeeInvis .   a - +0 hand axe
rCold   . . .      Faith    .   (no shield)
rNeg    . . .      Spirit   .   b - +0 animal skin
rPois   .          Reflect  .   (helmet restricted)
rElec   .          Harm     .   p - +0 cloak
rCorr   .          Rampage  .   (no gloves)
Will    ++...                   q - +0 pair of boots
Stlth   ..........              (no amulet)
HPRegen 1.28/turn               (no ring)
MPRegen 0.10/turn               (no ring)

@: berserking, strong-willed (expiring), regenerating (expiring), very quick
A: horns 2, retaliatory headbutt
a: Renounce Religion, Berserk, Trog's Hand


You were on level 5 of the Dungeon.
You worshipped Trog.
Trog was pleased with you.
You visited 1 branch of the dungeon, and saw 5 of its levels.

You collected 175 gold pieces.

Inventory:

Hand Weapons
 a - a +0 hand axe (weapon)
Armour
 b - a +0 animal skin (worn)
 p - a +0 cloak (worn)
 q - a +0 pair of boots (worn)
Jewellery
 i - an amulet of regeneration
 m - an amulet of the acrobat
Wands
 v - a wand of iceblast (7)
Scrolls
 c - 6 scrolls of teleportation {unknown}
 f - 2 scrolls of identify {unknown}
 g - a scroll of vulnerability {unknown}
 j - a scroll of enchant weapon {unknown}
 k - a scroll of silence {unknown}
 l - a scroll of immolation {unknown}
 n - a scroll of holy word {unknown}
 o - a scroll of fog {unknown}
 r - a scroll of magic mapping {unknown}
 t - a scroll of noise {unknown}
Potions
 d - 2 potions of curing {unknown}
 e - a potion of heal wounds {unknown}
 h - a potion of might {unknown}
 s - a potion of flight {unknown}
 u - a potion of lignification {unknown}


   Skills:
 * Level 7.2 Fighting
 * Level 7.2 Axes
 + Level 4.8 Armour
 + Level 4.4 Dodging
 + Level 3.0 Stealth


You had 7 spell levels left.
You didn't know any spells.
Your spell library was empty.

Dungeon Overview and Level Annotations

Branches:
Dungeon (5/15)
 Temple: D:4-7

Altars:
Elyvilon
Hepliaklqana
Kikubaaqudgha
Makhleb
Nemelex Xobeh
Okawaru
Trog
Vehumet
Wu Jian
Xom
Zin
The Shining One

Shops:
D:5 :


Innate Abilities, Weirdness & Mutations

You have a pair of horns on your head.
You reflexively headbutt those who attack you in melee.


Message History

The gnoll sergeant hits you but does no damage.
You closely miss the gnoll sergeant. The gnoll hits you but does no damage.
The gnoll sergeant blocks your attack. The gnoll sergeant closely misses you.
The gnoll sergeant hits you with a +0 spear!
You hit the gnoll sergeant.
The gnoll sergeant is moderately wounded.
The gnoll misses you. The gnoll sergeant closely misses you.
The gnoll sergeant barely misses you.
You slash the gnoll sergeant!
The gnoll sergeant is severely wounded.
The gnoll misses you.
Unknown command.
You slash the gnoll sergeant!
The gnoll sergeant is almost dead.
The gnoll sergeant hits you from afar with a +0 trident!
The gnoll sergeant hits you with a +0 spear!
* * * LOW HITPOINT WARNING * * *
The gnoll sergeant blocks your attack. x2
The gnoll sergeant is almost dead.
The gnoll hits you from afar with a +0 spear.
* * * LOW HITPOINT WARNING * * *
The gnoll sergeant hits you with a +0 spear!
* * * LOW HITPOINT WARNING * * *
The gnoll sergeant hits you from afar with a +0 trident.
* * * LOW HITPOINT WARNING * * *
The gnoll sergeant blocks your attack.
The gnoll sergeant is almost dead.
You hit the gnoll sergeant.
You kill the gnoll sergeant!
Trog accepts your kill.
You feel the effects of Trog's Hand fading.
The gnoll hits you from afar with a +0 spear.
* * * LOW HITPOINT WARNING * * *
The gnoll sergeant hits you from afar with a +0 trident!
* * * LOW HITPOINT WARNING * * *
Your Stealth skill increases to level 3!
You hit the gnoll. Your headbutt misses the gnoll.
The gnoll is lightly wounded.
The gnoll hits you from afar with a +0 spear.
You die... #.## #######.#.###.## #..# . #.#.###.# ##.## ##. ####<#.....## #..# #gg

#......#..... ##.## #g#
#.##.#.#..... #..# #g#
#....#....... ##.## #g#
#..###..##### #..# #.# #.......#
# ##†###@# ##.###..# #
#..##g#####.###..# #
##.##.g##.....##.#####
#.###.##.###.##)..)). #.###.##.#
#..###..)( #.##..##.###..# #..##
#############..#.###......###..#
#..........###g#g# ######......#
#.##.##.##.#⌠.g#.# ######[#


You could see a gnoll sergeant and 6 gnolls.

Vanquished Creatures
  A black bear (D:5)
  A sky beast (D:5)
  An ogre (D:4)
  A scorpion (D:5)
  A gnoll sergeant (D:5)
  A water moccasin skeleton (D:5)
  A centaur zombie (D:4)
  Crazy Yiuf (D:3)
  6 hounds
  An iguana (D:5)
  Ijyb (D:5)
  Natasha (thrice) (D:3)
  2 orc wizards (D:5)
  A hound zombie (D:5)
  2 hound skeletons (D:4)
  5 gnolls
  9 adders
  A white imp (D:5)
  4 worms
  2 dart slugs (D:1)
  6 orcs
  2 endoplasms
  2 giant cockroaches
  6 hobgoblins
  4 jackals
  3 quokkas
  4 ball pythons
  6 bats
  A frilled lizard (D:1)
  8 goblins
  7 kobolds
  2 rats (D:3)
96 creatures vanquished.

Notes
Turn   | Place    | Note
-------+----------+-------------------------------------------
     0 | D:1      | Zeld the Minotaur Berserker began the quest for the Orb.
     0 | D:1      | Reached XP level 1. HP: 19/19 MP: 0/0
   280 | D:1      | Reached XP level 2. HP: 26/27 MP: 1/1
  1252 | D:2      | Found a radiant altar of Vehumet.
  1339 | D:2      | Reached XP level 3. HP: 31/33 MP: 2/2
  1795 | D:2      | Found a faded altar of an unknown god.
  1973 | D:3      | Found an ancient bone altar of Kikubaaqudgha.
  1975 | D:3      | Found a glowing silver altar of Zin.
  1995 | D:2      | Reached skill level 1 in Stealth
  1995 | D:2      | Reached XP level 4. HP: 30/41 MP: 3/3
  2488 | D:3      | Found an iron altar of Okawaru.
  2533 | D:3      | Found a sparkling altar of Nemelex Xobeh.
  2534 | D:3      | Found a glowing golden altar of the Shining One.
  2534 | D:3      | Found a bloodstained altar of Trog.
  2534 | D:3      | Found a shimmering altar of Xom.
  2536 | D:3      | Found a white marble altar of Elyvilon.
  2536 | D:3      | Found a hazy altar of Hepliaklqana.
  2538 | D:3      | Found a burning altar of Makhleb.
  2539 | D:3      | Found a radiant altar of Vehumet.
  2540 | D:3      | Found an ornate altar of the Wu Jian Council.
  2575 | D:3      | Noticed Natasha
  2579 | D:3      | Killed Natasha
  2686 | D:3      | Reached XP level 5. HP: 38/47 MP: 4/4
  2916 | D:3      | Reached ** piety under Trog
  2990 | D:3      | Noticed Natasha
  2997 | D:3      | Killed Natasha
  2998 | D:3      | Reached skill level 5 in Fighting
  2998 | D:3      | Reached skill level 5 in Axes
  3118 | D:3      | Noticed Natasha
  3132 | D:3      | Killed Natasha
  3355 | D:3      | Found a runed translucent door.
  3356 | D:3      | Noticed Crazy Yiuf
  3362 | D:3      | Killed Crazy Yiuf
  3505 | D:4      | Reached XP level 6. HP: 30/56 MP: 5/5
  4888 | D:5      | Entered Level 5 of the Dungeon
  4972 | D:5      | Reached XP level 7. HP: 63/63 MP: 6/6
  5020 | D:5      | Found Qiatosach's Book Emporium.
  5777 | D:5      | Noticed Ijyb
  5787 | D:5      | Killed Ijyb
  5919 | D:5      | Reached XP level 8. HP: 73/73 MP: 7/7
  5989 | D:5      | Reached *** piety under Trog
  6066 | D:5      | Slain by a gnoll

Illustrated notes

Levels and vault maps discovered:
D:1:      dpeg_arrival_brainrot, layout_loops_ring, nicolae_wormholes
D:2:      layout_loops_ring, basic_altar,
          hellmonk_ecumenical_altar_inner_sanctum
D:3:      layout_loops_ring, minitemple, uniq_natasha, uniq_crazy_yiuf_cottage
D:4:      layout_basic
D:5:      layout_loops_cross, serial_shops, shop_fountains, uniq_ijyb

Skill      XL: |  1  2  3  4  5  6  7  8 |
---------------+-------------------------+-----
Fighting       | 4 5 6 7 |  7.2
Axes           | 4 5 6 7 |  7.2
Armour         | 3 4 |  4.8
Stealth        | 1 2 3 |  3.0
Dodging        | 3 4 |  4.4

Action                   |  1- 3 |  4- 6 |  7- 9 || total
-------------------------+-------+-------+-------++-------
Melee: Hand axe          |    66 |   130 |    79 ||   275
       Punch             |     1 |     2 |     2 ||     5
       Headbutt          |     5 |    19 |    13 ||    37
Invok: Berserk           |       |     4 |     1 ||     5
       Trog's Hand       |       |       |     1 ||     1
 Stab: Sleeping          |     1 |     2 |     3 ||     6
Armor: Animal skin       |    16 |    35 |    16 ||    67
Dodge: Dodged            |    48 |    99 |    52 ||   199
